 Dungeon Crawl Stone Soup version 0.32-a0-921-g04a7ad8 (webtiles) character file.

Game seed: 13642380325168156605

58 bongcheondong the Apothecary (level 4, -1/30 HPs)
             Began as a Human Alchemist on Apr 11, 2024.
             Slain by Terence
             ... wielding a +0 falchion
              (10 damage)
             ... on level 3 of the Dungeon.
             The game lasted 00:03:25 (1863 turns).

bongcheondong the Apothecary (Human Alchemist)      Turns: 1863, Time: 00:03:25

Health: -1/30      AC:  3    Str:  8    XL:     4   Next: 1%
Magic:  6/8        EV: 11    Int: 17    God:
Gold:   36         SH:  0    Dex: 14    Spells: 7/8 levels left

rFire   . . .        m - +4 dagger
rCold   . . .        (no shield)
rNeg    . . .        a - +0 robe
rPois   .            e - +0 helmet
rElec   .            (no cloak)
rCorr   .            (no gloves)
SInv    .            (no boots)
Will    .....        (no amulet)
Stlth   ++           (no ring)
HPRegen 0.25/turn    (no ring)
MPRegen 0.11/turn

%: no passive effects
@: no status effects
A: explore regen
a: no special abilities


You were on level 3 of the Dungeon.
You visited 1 branch of the dungeon, and saw 3 of its levels.

You collected 36 gold pieces.

Inventory:

Hand Weapons
 m - a +4 dagger (weapon)
Armour
 a - a +0 robe (worn)
 e - a +0 helmet (worn)
Jewellery
 f - a ring of ice
 o - a ring of resist corrosion
Scrolls
 c - 2 scrolls of fear {unknown}
 d - a scroll of immolation {unknown}
 j - a scroll of teleportation {unknown}
 k - a scroll of identify {unknown}
 q - a scroll of noise {unknown}
Potions
 b - a potion of magic
 g - a potion of brilliance {unknown}
 h - 2 potions of haste {unknown}
 i - a potion of heal wounds {unknown}
 l - a potion of degeneration {unknown}
 n - a potion of enlightenment {unknown}
 p - 2 potions of curing {unknown}


   Skills:
 - Level 2.0 Dodging
 - Level 2.1 Stealth
 + Level 2.7 Spellcasting
 - Level 1.1 Conjurations
 * Level 4.1 Alchemy


You had 7 spell levels left.
You knew the following spells:

 Your Spells              Type           Power      Damage    Failure   Level
a - Sting                 Conj/Alch      44%        1d5       6%          1

Your spell library contained the following spells:

 Spells                   Type           Power      Damage    Failure   Level
 Mercury Vapours          Alch/Air       18%        N/A       12%         2
 Mephitic Cloud           Conj/Alch/Air  8%         N/A       26%         3
 Olgreb's Toxic Radiance  Alch           16%        N/A       32%         4
 Stone Arrow              Conj/Erth      8%         3d7       41%         3
 Sticky Flame             Fire/Alch      9%         2d5       58%         4
 Animate Armour           Summ/Erth      4%         N/A       87%         4
 Haunt                    Necr/Summ      1%         N/A       100%        7
 Borgnjor's Revivificati  Necr           1%         N/A       100%        8
 Lehudib's Crystal Spear  Conj/Erth      2%         10d2      100%        8
 Death's Door             Necr           1%         N/A       100%        9


Dungeon Overview and Level Annotations

Branches:
Dungeon (3/15)

Altars:

Annotations:
D:3 Terence


Innate Abilities, Weirdness & Mutations

You regain HP and MP as you explore.


Message History

Terence attacks as he pursues you! Terence hits you with a +0 falchion.
The sting hits Terence but does no damage.
Terence is poisoned.
Terence says, "Rest in peace."
Terence hits you with a +0 falchion!
You miscast Sting.
You are very lightly contaminated with residual magic.
Nothing appears to happen.
Terence misses you. The gnoll hits you but does no damage.
The sting hits Terence but does no damage.
Terence looks even sicker.
Terence is lightly wounded.
Terence barely misses you.
The gnoll hits you from afar with a +0 spear.
The sting hits Terence.
Terence looks even sicker.
Terence is moderately wounded.
Terence misses you. The gnoll closely misses you.
The sting hits Terence but does no damage.
Terence looks as sick as possible!
Terence is moderately wounded.
Terence hits you with a +0 falchion. The gnoll barely misses you.
Terence attacks as he pursues you! Terence hits you with a +0 falchion.
* * * LOW HITPOINT WARNING * * *
There is a stone staircase leading down here.
You hit Terence.
Terence is almost dead.
Terence misses you.
Your magical contamination has completely faded away.
You can't go up here!
Terence hits you with a +0 falchion!
* * * LOW HITPOINT WARNING * * *
You climb downwards.
Found a robe and 10 gold pieces.
There is a stone staircase leading up here.
You hit Terence but do no damage.
Terence is almost dead.
The endoplasm quivers.
Terence hits you with a +0 falchion!
You die...
Terence says, "Time to find some more victims."

###############
....S........J.
.....[@@......#
.............##
..........$.##
..#...####### .
#... #... #..
#.l


You could see Terence (very poisoned), an endoplasm, a ball python (asleep) and
a frilled lizard (asleep).

Vanquished Creatures
  3 dart slugs
  A ribbon worm (D:2)
  7 endoplasms
  4 giant cockroaches
  A hobgoblin (D:1)
  A jackal (D:2)
  2 quokkas (D:1)
  3 ball pythons
  3 bats
  3 frilled lizards
  5 goblins
  7 kobolds
  7 rats
47 creatures vanquished.

Notes
Turn   | Place    | Note
-------+----------+-------------------------------------------
     0 | D:1      | bongcheondong the Human Alchemist began the quest for the
                  | Orb.
     0 | D:1      | Reached XP level 1. HP: 13/13 MP: 3/3
   258 | D:1      | Reached XP level 2. HP: 18/19 MP: 0/5
   954 | D:1      | Found a faded altar of an unknown god.
   958 | D:1      | Reached XP level 3. HP: 24/24 MP: 0/6
  1554 | D:2      | Reached skill level 4 in Alchemy
  1824 | D:2      | Noticed Terence
  1843 | D:2      | Reached XP level 4. HP: 24/30 MP: 4/8
  1861 | D:2      | HP: 1/30 [Terence/+0 falchion (8)]
  1863 | D:3      | Slain by Terence

Illustrated notes

Levels and vault maps discovered:
D:1:      minmay_arrival_hallway, layout_loops_ring,
          hellmonk_ecumenical_altar_pennies_from_heaven
D:2:      layout_basic, uniq_robin, uniq_terence, uniq_sigmund
D:3:      kb_forest_paths, layout_rooms, mainiacjoe_overflow_surrounded_room,
          minmay_misc_feat_doors, dreamdust_princess_corridor, uniq_jessica

Skill      XL: |  1  2  3 |
---------------+----------+-----
Alchemy        | 4 |  4.1
Dodging        | |  2.0
Stealth        | |  2.1
Spellcasting   | |  2.7
Conjurations   | |  1.1

Action                     |  1- 3 |  4- 6 || total
---------------------------+-------+-------++-------
  Melee: Unarmed           |    17 |       ||    17
         Dagger            |     3 |     2 ||     5
   Cast: Sting             |    85 |     4 ||    89
 Armour: Robe              |    38 |     8 ||    46
  Dodge: Dodged            |    24 |     7 ||    31

Table legend: (Time is in decaauts)
 A = Elapsed time spent in this place.
 B = Non-inter-level travel time spent in this place.
 C = Inter-level travel time spent in this place.
 D = Time resting spent in this place.
 E = Time spent auto-exploring this place.
 F = Levels seen in this place.
 G = Mean time per level.
                   A        B        C        D        E       F      G
               +--------+--------+--------+--------+--------+-----+--------+
         Total |   1863 |   1831 |     32 |      0 |   1539 |   3 |  621.0 |
       Dungeon |   1863 |   1831 |     32 |      0 |   1539 |   3 |  621.0 |
               +--------+--------+--------+--------+--------+-----+--------+

Top non-repeatable levels by time:
     D:1: 1283 daAuts
     D:2: 578 daAuts
     D:3: 0 daAuts
